 Dungeon Sprint DCSS version 0.30-a0-728-gc68057be0a (webtiles) character file.

Game seed: 5165639346416428321

246 BigDaddyOpFi the Thaumaturge (level 5, -5/42 HPs)
             Began as a Deep Elf Earth Elementalist on Jan 31, 2023.
             Was a Priest of Vehumet.
             Slain by a flying skull (10 damage)
             ... in the Dungeon (Sprint VII: "The Pits").
             The game lasted 00:01:54 (457 turns).

BigDaddyOpFi the Thaumaturge (DEEE)                  Turns: 457, Time: 00:01:55

Health: -5/42      AC:  2    Str:  5    XL:     5   Next: 84%
Magic:  7/18       EV: 14    Int: 22    God:    Vehumet [***...]
Gold:   0          SH:  0    Dex: 15    Spells: 20/21 levels left

rFire   . . .      SeeInvis .    j - +2 hand axe (freeze)
rCold   . . .      Faith    .    (no shield)
rNeg    . . .      Spirit   .    a - +0 robe
rPois   .          Reflect  .    (no helmet)
rElec   .          Harm     .    (no cloak)
rCorr   .          Rampage  .    (no gloves)
Will    .....      NoTele   +    (no boots) Stlth
                                 (no amulet)
HPRegen 0.27/turn                (no ring)
MPRegen 0.16/turn                (no ring)

@: berserking, hasted, very quick
A: no striking features
a: Renounce Religion


You were in the Dungeon.
You worshipped Vehumet.
Vehumet was most pleased with you.
You visited 1 branch

Inventory:

Hand Weapons
 d - a +2 hand axe
 j - a +2 hand axe of freezing (weapon)
Armour
 a - a +0 robe (worn)
Scrolls
 g - a scroll of blinking
Potions
 b - 5 potions of magic
 c - 6 potions of curing
 f - 2 potions of berserk rage
 h - 2 potions of invisibility


   Skills:
 - Level 5.4 Dodging
 - Level 5.8 Stealth
 + Level 8.5 Spellcasting
 + Level 4.7 Conjurations
 - Level 4.4 Transmutations
 + Level 7.5 Earth Magic


You had 20 spell levels left.
You knew the following spells:

 Your Spells              Type           Power      Damage    Failure   Level
a - Sandblast             Erth           84%        2d18      1%          1

Your spell library contained the following spells:

 Spells                   Type           Power      Damage    Failure   Level
 Freeze                   Ice            36%        1d5       1%          1
 Passwall                 Tmut/Erth      29%        N/A       1%          2
 Stone Arrow              Conj/Erth      72%        3d11      1%          3
 Petrify                  Tmut/Erth      35%        N/A       6%          4


Dungeon Overview and Level Annotations

Branches:
Dungeon (1/1)

Altars:
Ashenzari
Cheibriados
Dithmenos
Elyvilon
Fedhas
Gozag
Hepliaklqana
Kikubaaqudgha
Makhleb
Nemelex Xobeh
Okawaru
Qazlal
Ru
Sif Muna
Trog
Uskayaw
Vehumet
Wu Jian
Xom
Yredelemnul
Zin
The Shining One
Jiyva
Lugonu


Message History

The blast of sand misses the flying skull.
The blast of sand hits the warg!
The warg is moderately wounded.
The flying skull hits you!
Aiming: Sandblast (safe; 1% risk of failure)
Press: ? - help, Q - select action Shift-Dir - straight line, f/p - flying skull
Aim: a flying skull (lightly damaged, 71% to hit)
The blast of sand hits the flying skull but does no damage.
The flying skull is lightly damaged.
The flying skull hits you.
* * * LOW HITPOINT WARNING * * *
The flying skull barely misses you.
You feel much better. The flying skull barely misses you.
A red film seems to cover your vision as you go berserk!
You feel yourself moving faster!
You feel mighty! The flying skull closely misses you.
You miss the flying skull.
The flying skull is lightly damaged.
The flying skull hits you!
You barely miss the flying skull.
The flying skull is lightly damaged.
The flying skull hits you!
You closely miss the flying skull.
The flying skull is lightly damaged.
The flying skull hits you!
* * * LOW HITPOINT WARNING * * *
The flying skull barely misses you.
You miss the flying skull.
The flying skull is lightly damaged.
The flying skull misses you.
You completely miss the flying skull.
The flying skull is lightly damaged.
The flying skull misses you.
You barely miss the flying skull.
The flying skull is lightly damaged.
The flying skull hits you!
* * * LOW HITPOINT WARNING * * *
The warg pauses to sniff the ground.
The flying skull hits you!
You die...

#..........÷'.....
#'#####'#####.....
#.#..#..)'.##.....
#.#..#...#.#####'#
#.#..#####.##.....
#.#..'...#.##.....
#.#..'...†.##.....
#.#..########...<.
#@#..'.)))[##.....
#z#..#..))[##.....
#h###########.....
#oY.....# ######
#oB.....#
#...#...# #..##
..# #... .# #... #


You could see a warg, a sky beast, a flying skull, 2 orcs and a giant cockroach.

Vanquished Creatures
  A floating eye (D)
  An orc warrior (D)
  An orc wizard (D)
  An adder (D)
  A river rat (D)
  An ufetubus (D)
  An orc (D)
  2 giant cockroaches (D)
  A quokka (D)
  A rat (D)
11 creatures vanquished.

Notes
Turn   | Place    | Note
-------+----------+-------------------------------------------
     0 | D        | BigDaddyOpFi the Deep Elf Earth Elementalist began the
                  | quest for the Orb.
     0 | D        | Reached XP level 1. HP: 10/10 MP: 6/6
    17 | D        | Reached XP level 2. HP: 10/15 MP: 2/8
   138 | D        | Found a bloodstained altar of Trog.
   138 | D        | Found a shimmering blue altar of Sif Muna.
   138 | D        | Found a viscous altar of Jiyva.
   138 | D        | Found a hazy altar of Hepliaklqana.
   138 | D        | Found an opulent altar of Gozag.
   139 | D        | Found a glowing golden altar of the Shining One.
   139 | D        | Found a glowing silver altar of Zin.
   139 | D        | Found a basalt altar of Yredelemnul.
   139 | D        | Found a shimmering altar of Xom.
   139 | D        | Found an ornate altar of the Wu Jian Council.
   139 | D        | Found a sacrificial altar of Ru.
   139 | D        | Found a stormy altar of Qazlal.
   139 | D        | Found an iron altar of Okawaru.
   139 | D        | Found a sparkling altar of Nemelex Xobeh.
   139 | D        | Found a burning altar of Makhleb.
   139 | D        | Found a blossoming altar of Fedhas.
   139 | D        | Found a white marble altar of Elyvilon.
   139 | D        | Found a shadowy altar of Dithmenos.
   139 | D        | Found a snail-covered altar of Cheibriados.
   141 | D        | Found a corrupted altar of Lugonu.
   141 | D        | Found a radiant altar of Vehumet.
   142 | D        | Found an ancient bone altar of Kikubaaqudgha.
   142 | D        | Found a hide-covered altar of Uskayaw.
   142 | D        | Found a broken altar of Ashenzari.
   150 | D        | Became a worshipper of Vehumet
   189 | D        | Noticed a floating eye
   191 | D        | Killed a floating eye
   192 | D        | Reached skill level 5 in Dodging
   192 | D        | Reached skill level 5 in Stealth
   192 | D        | Reached skill level 6 in Spellcasting
   192 | D        | Reached skill level 5 in Earth Magic
   192 | D        | Reached XP level 3. HP: 19/19 MP: 6/12
   192 | D        | Reached XP level 4. HP: 24/24 MP: 7/14
   280 | D        | Reached * piety under Vehumet
   280 | D        | Offered knowledge of Magic Dart by Vehumet.
   282 | D        | Reached skill level 1 in Conjurations
   336 | D        | Reached ** piety under Vehumet
   428 | D        | Noticed an orc warrior
   429 | D        | Noticed a sky beast
   430 | D        | Noticed a warg
   430 | D        | Noticed a flying skull
   438 | D        | Offered knowledge of Freeze by Vehumet.
   439 | D        | Reached skill level 7 in Spellcasting
   439 | D        | Reached XP level 5. HP: 20/28 MP: 14/16
   445 | D        | Killed an orc warrior
   445 | D        | Reached *** piety under Vehumet
   446 | D        | Reached skill level 8 in Spellcasting
   457 | D        | Slain by a flying skull

Illustrated notes

Levels and vault maps discovered:
D:        pitsprint [storerooms_1, entrance_room_1, metal_vault_5, armoury_1,
          mini_pit_1, grid_room_1, main_hall_1, silver_pit, the_coven_2,
          the_vestibule_1, steel_vault_5, golden_pit, hallway_of_sentries,
          crystal_vault_2, iron_vault_3, final_vault]

Skill      XL: |  1  2  3  4  5 |
---------------+----------------+-----
Dodging        | 3 5 |  5.4
Stealth        | 3 5 |  5.8
Transmutations | 2 4 |  4.4
Spellcasting   | 6 7 8 |  8.5
Earth Magic    | 5 6 7 |  7.5
Conjurations   | 2 4 |  4.7

Action                     |  1- 3 |  4- 6 || total
---------------------------+-------+-------++-------
  Melee: Unarmed           |     2 |       ||     2
         Hand axe          |       |    14 ||    14
   Cast: Sandblast         |     6 |    17 ||    23
    Use: Potion            |     1 |     7 ||     8
 Armour: Robe              |       |     9 ||     9
  Dodge: Dodged            |     4 |    36 ||    40

Table legend: (Time is in decaauts)
 A = Elapsed time spent in this place.
 B = Non-inter-level travel time spent in this place.
 C = Inter-level travel time spent in this place.
 D = Time resting spent in this place.
 E = Time spent auto-exploring this place.
 F = Levels seen in this place.
 G = Mean time per level.
                   A        B        C        D        E       F      G
               +--------+--------+--------+--------+--------+-----+--------+
         Total |    461 |    441 |     20 |    267 |      0 |   1 |  461.0 |
       Dungeon |    461 |    441 |     20 |    267 |      0 |   1 |  461.0 |
               +--------+--------+--------+--------+--------+-----+--------+

Top non-repeatable levels by time:
       D: 461 daAuts
